 Dungeon Crawl Stone Soup version 0.29-a0-542-g075992c915 (webtiles) character file.

Game seed: 1658439108911776145

7519 Malachi the Cleaver (level 10, -2/82 HPs)
             Began as a Demonspawn Berserker on June 4, 2022.
             Was a Priest of Trog.
             Slain by a yak (9 damage)
             ... summoned by an orange crystal statue
             ... on level 9 of the Dungeon.
             The game lasted 00:19:04 (12193 turns).

Malachi the Cleaver (Demonspawn Berserker)         Turns: 12193, Time: 00:19:04

Health: -2/82      AC: 26    Str: 23    XL:     10   Next: 95%
Magic:  6/10       EV: 13    Int:  8    God:    Trog [***...]
Gold:   505        SH:  0    Dex: 12    Spells: 9/9 levels left

rFire   . . .      SeeInvis .   z - +2 war axe (protect)
rCold   + . .      Faith    .   (no shield)
rNeg    . . .      Spirit   .   B - +3 chain mail
rPois   .          Reflect  .   (helmet unavailable)
rElec   .          Harm     .   j - +0 cloak
rCorr   .          Rampage  .   p - +1 pair of gloves
Will    ++...                   (no boots)
Stlth   ..........              (no amulet)
HPRegen 1.23/turn               c - +4 ring of evasion
MPRegen 0.12/turn               e - ring of protection from cold

@: strong-willed, under a protective aura, on berserk cooldown, regenerating,
slowed, very slow
A: horns 3, rugged brown scales 2, foul stench 1, powered by pain 1
a: Renounce Religion, Berserk, Trog's Hand


You were on level 9 of the Dungeon.
You worshipped Trog.
Trog was most pleased with you.
You visited 1 branch of the dungeon, and saw 9 of its levels.
You also visited: Sewer and Ossuary.

You collected 505 gold pieces.

Inventory:

Hand Weapons
 d - a +2 whip of flaming
 z - a +2 war axe of protection (weapon)
 C - a +3 battleaxe of flaming
Missiles
 k - 6 poisoned darts (quivered)
 J - 2 throwing nets
Armour
 j - a +0 cloak (worn)
 p - a +1 pair of gloves (worn)
 B - a +3 chain mail (worn)
Jewellery
 c - a +4 ring of evasion (left hand)
 e - a ring of protection from cold (right hand)
 n - a ring of fire
 y - a ring of willpower
Wands
 a - a wand of iceblast (15)
 s - a wand of flame (36)
 x - a wand of polymorph (5)
 G - a wand of paralysis (5)
Scrolls
 b - 3 scrolls of vulnerability
 f - a scroll of enchant armour
 m - 4 scrolls of teleportation
 F - a scroll of magic mapping
 I - a scroll of identify
Potions
 h - a potion of flight
 i - 2 potions of ambrosia
 l - 2 potions of resistance
 o - a potion of curing
 q - a potion of invisibility
 r - a potion of brilliance {unknown}
 t - 2 potions of cancellation {unknown}
 u - 2 potions of might {unknown}
 v - 8 potions of heal wounds {unknown}
 w - 3 potions of lignification {unknown}
 A - 2 potions of haste
 D - 2 potions of mutation {unknown}
 E - 2 potions of attraction {unknown}
 H - a potion of magic {unknown}


   Skills:
 + Level 7.6 Fighting
 + Level 11.6 Axes
 + Level 8.5 Armour
 - Level 2.8 Dodging
 - Level 0.3 Stealth


You had 9 spell levels left.
You didn't know any spells.
Your spell library was empty.

Dungeon Overview and Level Annotations

Branches:
Dungeon (9/15)             Temple (0/1) D:4           Sewer (visited)
Ossuary (visited)
   Lair: D:8-11         Orc: D:9-12

Altars:
Ashenzari
Elyvilon
Makhleb
Qazlal
Sif Muna
Trog
Uskayaw
Vehumet
Wu Jian
Zin

Shops:
D:6 *   D:7 (

Annotations:
D:6 exclusion: statue
D:9 exclusion: orange crystal statue


Innate Abilities, Weirdness & Mutations

You have a pair of large horns on your head.
You are mostly covered in rugged brown scales. (AC +2, +5% HP)
You may rarely emit foul miasma when damaged in melee.
You sometimes gain a little power by taking damage.


Message History

You feel sick. The yak attacks as you move away!
The yak gores you but does no damage.
You feel the effects of Trog's Hand fading.
You feel sick.
Found a leather armour.
You feel sick.
You are no longer poisoned.
You barely miss the yak.
The yak is moderately wounded.
The yak completely misses you. The yak gores you.
* * * LOW HITPOINT WARNING * * *
You slash the yak!
Your weapon exudes an aura of protection.
The yak is severely wounded.
Your skin stops crawling.
You feel less strong-willed. The yak barely misses you.
You hit the yak.
The yak is almost dead.
The yak gores you but does no damage.
Okay, then.
You slash the yak!
You kill the yak!
The yak's corpse dissolves into shadows!
The gnoll sergeant barely misses you. The yak closely misses you.
You slash the yak! You headbutt the yak.
The yak is severely wounded.
The gnoll sergeant barely misses you. The yak gores you but does no damage.
You hit the yak.
The yak is severely wounded.
The gnoll sergeant hits you from afar with a +0 spear.
* * * LOW HITPOINT WARNING * * *
The yak gores you but does no damage. The gnoll sergeant closely misses you.
You barely miss the yak. Your headbutt misses the yak.
The yak is severely wounded.
The yak gores you but does no damage. The gnoll sergeant misses you.
The yak barely misses you.
Your skin crawls.
You feel strong-willed.
The gnoll sergeant completely misses you.
The yak gores you!
You die...

###.# #.#.
..#.######...##
##.#...#..#.#..
##.#............
##.#............[
##.#.....Y........
##.#......g........
.#.#.......#Y##...#
#.#...(..Y#.#@# #
##.......Y######
........g...............
#.####..g...............
#. ###Y.g.............
###.####..Y....#####....#
#..............# #....#
...............# ##...#
...............# #....##


You could see 2 yaks and a gnoll sergeant.

Vanquished Creatures
  A two-headed ogre (D:8)
  The ghost of Serus the Grappler, a novice TrFi of Okawaru (D:8)
  Pikel (D:6)
  Joseph (D:8)
  A troll (D:6)
  Grinder (D:4)
  A vampire (D:9)
  2 wraiths (Ossuary)
  6 yaks (D:9)
  Eustachio (D:6)
  2 water moccasins
  An orc warrior (D:8)
  4 black bears
  3 ice beasts
  2 sky beasts (D:6)
  An ogre (D:2)
  3 lemures (D:6)
  3 centaurs
  A phantom (D:4)
  A kobold brigand (D:4)
  Blork the orc (D:6)
  2 bullfrogs
  2 scorpions (D:5)
  7 wights
  6 electric eels (D:8)
  3 howler monkeys
  4 jellies (Sewer)
  3 hounds
  6 orc priests
  7 iguanas
  9 orc wizards
  Terence (D:3)
  A mummy (D:6)
  8 gnolls
  6 adders
  2 river rats (Sewer)
  3 white imps
  An ufetubus (D:5)
  An adder zombie (Ossuary)
  A worm (Sewer)
  4 dart slugs
  25 orcs
  11 ball pythons
  8 bats
  14 endoplasms
  3 giant cockroaches
  5 goblins
  10 hobgoblins
  4 quokkas
  A ball python skeleton (Ossuary)
  2 frilled lizards (Sewer)
  4 hobgoblin zombies
  6 kobolds
  3 kobold zombies
  10 rats
221 creatures vanquished.

Vanquished Creatures (others)
  An orc wizard (D:8)
  2 fungi (D:1)
  12 plants
15 creatures vanquished.

Grand Total: 236 creatures vanquished

Notes
Turn   | Place    | Note
-------+----------+-------------------------------------------
     0 | D:1      | Malachi the Demonspawn Berserker began the quest for the
                  | Orb.
     0 | D:1      | Reached XP level 1. HP: 18/18 MP: 1/1
   131 | D:1      | Found a faded altar of an unknown god.
   292 | D:1      | Gained mutation: You are partially covered in rugged brown
                  | scales. (AC +1, +3% HP) [demonic ancestry]
   292 | D:1      | Reached XP level 2. HP: 17/24 MP: 2/2
   507 | D:1      | Reached skill level 3 in Axes
   749 | D:1      | Reached ** piety under Trog
  1071 | D:2      | Reached XP level 3. HP: 29/29 MP: 3/3
  1081 | D:2      | Found a hide-covered altar of Uskayaw.
  1493 | D:2      | Noticed an ogre
  1499 | D:2      | Killed an ogre
  1500 | D:2      | Reached skill level 4 in Axes
  1500 | D:2      | Gained mutation: You have a pair of small horns on your
                  | head. [demonic ancestry]
  1500 | D:2      | Reached XP level 4. HP: 36/37 MP: 4/4
  2181 | D:3      | Noticed Terence
  2186 | D:3      | Killed Terence
  2187 | D:3      | Gained mutation: You may rarely emit foul miasma when
                  | damaged in melee. [demonic ancestry]
  2187 | D:3      | Reached XP level 5. HP: 43/43 MP: 5/5
  2456 | D:4      | Noticed Grinder
  2474 | D:4      | Killed Grinder
  2475 | D:4      | Reached skill level 5 in Axes
  2475 | D:4      | Gained mutation: You sometimes gain a little power by
                  | taking damage. [demonic ancestry]
  2475 | D:4      | Reached XP level 6. HP: 25/49 MP: 6/6
  2484 | D:4      | Found a staircase to the Ecumenical Temple.
  2695 | D:4      | Found a burning altar of Makhleb.
  2800 | D:4      | Found a bloodstained altar of Trog.
  3178 | D:4      | Gained mutation: You are mostly covered in rugged brown
                  | scales. (AC +2, +5% HP) [demonic ancestry]
  3178 | D:4      | Reached XP level 7. HP: 57/57 MP: 7/7
  3358 | D:4      | Reached skill level 6 in Axes
  3542 | D:5      | Entered Level 5 of the Dungeon
  4691 | D:5      | Gained mutation: You have a pair of horns on your head.
                  | [demonic ancestry]
  4691 | D:5      | Reached XP level 8. HP: 64/64 MP: 8/8
  4950 | D:5      | Reached skill level 5 in Armour
  5292 | D:5      | Found a shimmering blue altar of Sif Muna.
  5327 | D:6      | Found a glowing drain.
  5331 | Sewer    | Entered a sewer
  5436 | Sewer    | Reached *** piety under Trog
  5437 | Sewer    | Reached skill level 5 in Fighting
  5496 | Sewer    | Found a viscous altar of Jiyva.
  5577 | Sewer    | Reached skill level 7 in Axes
  5813 | D:6      | Found a sand-covered staircase.
  5822 | Ossuary  | Entered an ossuary
  6276 | Ossuary  | Noticed a flying skull
  6285 | Ossuary  | Noticed a flying skull
  6307 | Ossuary  | Noticed a flying skull
  6315 | Ossuary  | Noticed a flying skull
  6440 | Ossuary  | Noticed a flying skull
  6452 | Ossuary  | Reached skill level 8 in Axes
  6843 | D:6      | Gained mutation: You have a pair of large horns on your
                  | head. [demonic ancestry]
  6843 | D:6      | Reached XP level 9. HP: 72/72 MP: 9/9
  6870 | D:6      | Noticed Blork the orc
  6880 | D:6      | Killed Blork the orc
  7057 | D:6      | Found a radiant altar of Vehumet.
  7065 | D:6      | Reached **** piety under Trog
  7188 | D:6      | Noticed a troll
  7192 | D:6      | Killed a troll
  7351 | D:6      | Noticed Pikel
  7392 | D:6      | Reached skill level 9 in Axes
  7530 | D:6      | Noticed Eustachio
  7536 | D:6      | Killed Eustachio
  7591 | D:6      | Killed Pikel
  7663 | D:6      | Found a hide-covered altar of Uskayaw.
  7788 | D:6      | Found Ofomeng's Fire Supplies.
  8211 | D:7      | Reached XP level 10. HP: 61/80 MP: 10/10
  8595 | D:7      | Found an ornate altar of the Wu Jian Council.
  8655 | D:7      | Found a stormy altar of Qazlal.
  8699 | D:7      | Found Sanein's Hydra Hut.
  8704 | D:7      | Noticed a seven-headed hydra
  8721 | D:7      | Found a broken altar of Ashenzari.
  8758 | D:7      | Reached skill level 10 in Axes
  9384 | D:8      | Noticed Joseph
  9627 | D:8      | Found a runed translucent door.
  9634 | D:8      | Killed Joseph
  9789 | D:8      | Noticed Serus's ghost (novice TrFi)
 10009 | D:8      | Noticed a two-headed ogre
 10017 | D:8      | Killed a two-headed ogre
 10024 | D:8      | HP: 1/82 [electric eel/bolt of electricity (8)]
 11638 | D:8      | Killed Serus's ghost
 11639 | D:8      | Reached skill level 11 in Axes
 11666 | D:8      | Identified a scroll of acquirement
 11666 | D:8      | Acquired a +3 battleaxe of flaming
 11780 | D:9      | Noticed an orange crystal statue
 12193 | D:9      | Slain by a yak

Illustrated notes

Levels and vault maps discovered:
D:1:      dpeg_arrival_short_road, layout_basic,
          shapermc_ecumenical_altar_hornbeckon, corexii_leaking_fountain
D:2:      layout_basic, basic_altar
D:3:      layout_basic, uniq_terence
D:4:      minmay_octagon_keep, layout_gridville, kennysheep_mini,
          grunt_temple_overflow_open, zin_scriptorium,
          minmay_temple_entry_butterflies, uniq_grinder
D:5:      layout_basic, led_sif_pool
D:6:      layout_basic, vehumet_statue, nicolae_uskayaw_suspiria,
          gup_sewer_entry_bowl, nicolae_ossuary_entry_giza, minivault_11,
          nicolae_shop_fire_sale [nicolae_sub_dead_trees],
          kennysheep_generic_room_8, uniq_blork_the_orc, uniq_eustachio,
          uniq_pikel
D:7:      layout_basic, nicolae_wu_jian_wuxing_cycle, lemuel_crystal_altar,
          nicolae_ashenzari_panopticon, doesnt_shop_hydraphobe
D:8:      layout_basic, ebering_ghost_reflecting_pool, serial_bayou,
          serial_bayou_shore_b, serial_bayou_ford_a, serial_bayou_pond_d,
          serial_bayou_crossing, minivault_23, minmay_misc_feat_cross,
          chequers_big_river, uniq_joseph
D:9:      wad_pebble_path, layout_layer_cave, regret_index_temple_of_mockery,
          minivault_16

Skill      XL: |  1  2  3  4  5  6  7  8  9 10 |
---------------+-------------------------------+-----
Dodging        | 2 |  2.8
Axes           | 3 4 5 6 8 9 11 | 11.6
Armour         | 2 3 4 5 7 8 |  8.5
Fighting       | 4 5 6 7 |  7.6
Stealth        | |  0.3

Action                   |  1- 3 |  4- 6 |  7- 9 | 10-12 || total
-------------------------+-------+-------+-------+-------++-------
Melee: Hand axe          |   109 |    88 |    58 |       ||   255
       Headbutt          |       |    14 |    65 |    34 ||   113
       War axe           |       |       |   287 |   205 ||   492
       Punch             |       |       |     4 |     3 ||     7
Invok: Berserk           |     1 |     6 |     9 |     7 ||    23
       Trog's Hand       |       |     1 |       |     2 ||     3
  Use: Scroll            |       |       |    19 |     5 ||    24
Armor: Leather armour    |    31 |       |       |       ||    31
       Plate armour      |    25 |    53 |   228 |     4 ||   310
       Chain mail        |       |       |       |   130 ||   130
Dodge: Dodged            |    60 |    18 |   112 |   159 ||   349

Table legend: (Time is in decaauts)
 A = Elapsed time spent in this place.
 B = Non-inter-level travel time spent in this place.
 C = Inter-level travel time spent in this place.
 D = Time resting spent in this place.
 E = Time spent auto-exploring this place.
 F = Levels seen in this place.
 G = Mean time per level.
                   A        B        C        D        E       F      G
               +--------+--------+--------+--------+--------+-----+--------+
         Total |  12551 |  12099 |    452 |   3511 |   6607 |  11 | 1141.0 |
       Dungeon |  11122 |  10670 |    452 |   2936 |   6043 |   9 | 1235.8 |
         Sewer |    383 |    383 |      0 |      0 |    256 |   1 |  383.0 |
       Ossuary |   1045 |   1045 |      0 |    575 |    308 |   1 | 1045.0 |
               +--------+--------+--------+--------+--------+-----+--------+

Top non-repeatable levels by time:
     D:8: 2643 daAuts
     D:5: 1877 daAuts
     D:6: 1298 daAuts
     D:4: 1258 daAuts
 Ossuary: 1045 daAuts
     D:1: 1013 daAuts
     D:7: 1002 daAuts
     D:2: 853 daAuts
     D:3: 706 daAuts
     D:9: 469 daAuts
   Sewer: 383 daAuts
